[Event "Early-Titled-Tuesday-Blitz-May-14-2024"]
[Site "Chess.com"]
[Date "2024.05.14"]
[Round "1"]
[White "PeshkaCh"]
[Black "joksijoksi"]
[Result "1-0"]
[WhiteElo "2890"]
[BlackElo "2512"]
[TimeControl "180+1"]
[EndTime "8:01:25 PDT"]
[Termination "PeshkaCh won by resignation"]

1. Nf3 d5 2. d4 Nf6 3. c4 c6 4.
e3 Bf5 5. Bd3 Bxd3 6. Qxd3 e6 7.
O-O Nbd7 8. Nbd2 Bd6 9. e4 dxe4 10. Nxe4 Nxe4 11. Qxe4 O-O 12. b3 Nf6 13. Qc2 a5 14. Bb2 Qe7 15. Rfe1 Ba3 16. Bc3 Bb4 17. Ne5 Bxc3 18.
Qxc3 a4 19. b4 a3 20. Qb3 Rfd8 21. Rad1 b5 22. Nxc6 Qb7 23. Nxd8 Rxd8 24. cxb5 Qxb5 25. Qxa3 Nd5 26. Qa5 Qc4 1-0

[Event "Early-Titled-Tuesday-Blitz-May-14-2024"]
[Site "Chess.com"]
[Date "2024.05.14"]
[Round "1"]
[White "DeArron_Fox"]
[Black "NanMKKhineHlyan"]
[Result "1-0"]
[WhiteElo "2549"]
[BlackElo "1803"]
[TimeControl "180+1"]
[EndTime "8:02:07 PDT"]
[Termination "DeArron_Fox won by resignation"]

1. d4 d5 2. c4 Nf6 3. Nc3 e6 4.
cxd5 exd5 5. Bg5 c6 6. e3 Nbd7 7. Bd3 Be7 8. Qc2 O-O 9. Nf3 h6 10. Bh4 Re8 11. O-O Ne4 12. Bxe4 Bxh4 13. Bh7+ Kh8 14.
Bd3 Be7 15. a3 Nf6 16. Ne5 Bd6 17. Nxf7+ 1-0

[Event "Early-Titled-Tuesday-Blitz-May-14-2024"]
[Site "Chess.com"]
[Date "2024.05.14"]
[Round "1"]
[White "ArtemDyachuk"]
[Black "Cocaino74"]
[Result "1-0"]
[WhiteElo "2704"]
[BlackElo "2379"]
[TimeControl "180+1"]
[EndTime "8:02:09 PDT"]
[Termination "ArtemDyachuk won by resignation"]

1. e4 c5 2. Nf3 Nc6 3. Bb5 g6 4. O-O Bg7 5. c3 Nf6 6. Re1 O-O 7. d4 d5 8. e5 Ne4 9. Bxc6 bxc6 10. Be3 Qb6 11. Qc1 Rb8 12. b3 Bg4 13. h3 Bf5 14.
dxc5 Nxc5 15. Qa3 1-0

[Event "Early-Titled-Tuesday-Blitz-May-14-2024"]
[Site "Chess.com"]
[Date "2024.05.14"]
[Round "1"]
[White "hsd2016"]
[Black "B_nn_t"]
[Result "1-0"]
[WhiteElo "2321"]
[BlackElo "2608"]
[TimeControl "180+1"]
[EndTime "8:02:24 PDT"]
[Termination "hsd2016 won by checkmate"]

1. e4 c5 2. Nf3 d6 3. d4 cxd4 4. Nxd4 Nf6 5. Nc3 Nc6 6. Bg5 e6 7. f4 h6 8. Bh4 Be7 9. Bf2 a6 10. Bd3 O-O 11. O-O Nxd4 12. Bxd4 b5 13. a3 Bb7 14. Qe1 e5 15. fxe5 dxe5 16. Bxe5 Ng4 17. Qg3 Nxe5 18. Qxe5 Bf6 19. Qf5 Rc8 20. e5 Qd4+ 21.
Kh1 Bxe5 22. Qh7# 1-0

[Event "Early-Titled-Tuesday-Blitz-May-14-2024"]
[Site "Chess.com"]
[Date "2024.05.14"]
[Round "1"]
[White "shrek4life02"]
[Black "rionelG"]
[Result "1-0"]
[WhiteElo "2608"]
[BlackElo "2268"]
[TimeControl "180+1"]
[EndTime "8:02:26 PDT"]
[Termination "shrek4life02 won by resignation"]

1. e4 c5 2. Nf3 d6 3. Nc3 Nf6 4. d3 e5 5. g3 g6 6. Bg2 Bg7 7. O-O O-O 8. Re1 Re8 9. Nd2 d5 10. exd5 Nxd5 11. Nxd5 Nc6 12. c4 Nd4 13. Nb3 Be6 14.
Nxd4 exd4 15. Bf4 Qd7 16. Nc7 Bg4 17. Qd2 Rxe1+ 18. Rxe1 Rc8 19. Bxb7 Rxc7 20. Bxc7 Qxc7 21. Re8+ Bf8 22. Qh6 Qd6 23. Bd5 Bd7 24. Ra8 Qe7 25.
Kg2 Bf5 26. Qd2 Be6 27. Bxe6 Qb7+ 28. Bd5 1-0

[Event "Early-Titled-Tuesday-Blitz-May-14-2024"]
[Site "Chess.com"]
[Date "2024.05.14"]
[Round "1"]
[White "h4parah5"]
[Black "RantomOpening"]
[Result "1-0"]
[WhiteElo "3036"]
[BlackElo "2542"]
[TimeControl "180+1"]
[EndTime "8:02:37 PDT"]
[Termination "h4parah5 won by checkmate"]

1. Nf3 e6 2. b3 d5 3. Bb2 Nf6 4.
c4 Be7 5. g3 O-O 6. Bg2 b6 7. O-O Bb7 8. e3 c5 9. Nc3 Nbd7 10.
Qe2 a6 11. Rfd1 Ra7 12. cxd5 Nxd5 13. Nxd5 Bxd5 14. e4 Bb7 15. d4 cxd4 16. Nxd4 Qa8 17.
Nxe6 fxe6 18. Rxd7 Bc5 19. Rxg7+ Kh8 20. Rxb7+ Kg8 21. Qg4# 1-0

[Event "Early-Titled-Tuesday-Blitz-May-14-2024"]
[Site "Chess.com"]
[Date "2024.05.14"]
[Round "1"]
[White "Andrey_Klymchuk"]
[Black "jbking07"]
[Result "1-0"]
[WhiteElo "2709"]
[BlackElo "2392"]
[TimeControl "180+1"]
[EndTime "8:02:38 PDT"]
[Termination "Andrey_Klymchuk won by resignation"]

1. e4 c5 2. Nf3 d6 3. d4 cxd4 4. Nxd4 Nf6 5. f3 Nc6 6. c4 g6 7. Be3 Bg7 8. Nc3 Bd7 9. Be2 a6 10. O-O Nxd4 11. Bxd4 O-O 12. b4 Rc8 13. Qd2 Be6 14.
Nd5 Bxd5 15. exd5 Nd7 16. Rac1 a5 17. a3 Qb6 18. Bxb6 1-0

[Event "Early-Titled-Tuesday-Blitz-May-14-2024"]
[Site "Chess.com"]
[Date "2024.05.14"]
[Round "1"]
[White "sofaceindisguise"]
[Black "KINGOF2SOAP"]
[Result "1-0"]
[WhiteElo "2761"]
[BlackElo "2428"]
[TimeControl "180+1"]
[EndTime "8:02:40 PDT"]
[Termination "sofaceindisguise won by resignation"]

1. e4 d6 2. d4 g6 3. Nc3 Bg7 4. Be3 Nf6 5. f3 O-O 6. h4 Nbd7 7. g4 h6 8. Qd2 Kh7 9. O-O-O Rh8 10. Nge2 c5 11.
dxc5 Nxc5 12. Ng3 Ne6 13. Kb1 Bd7 14. Bc4 Rc8 15. Bb3 a5 16. g5 Ng8 17. h5 a4 18.
Nxa4 Bxa4 19. Bxa4 Qa5 20. Qxa5 1-0

[Event "Early-Titled-Tuesday-Blitz-May-14-2024"]
[Site "Chess.com"]
[Date "2024.05.14"]
[Round "1"]
[White "NinoMaisuradze"]
[Black "HamedWafa4"]
[Result "0-1"]
[WhiteElo "2347"]
[BlackElo "2664"]
[TimeControl "180+1"]
[EndTime "8:02:50 PDT"]
[Termination "HamedWafa4 won by resignation"]

1. d4 Nf6 2. c3 c5 3. Nf3 e6 4. Bg5 b6 5. e3 Bb7 6. Nbd2 Qc7 7.
Bd3 h6 8. Bf4 d6 9. O-O Nbd7 10.
Bg3 Nh5 11. Bh4 g5 12. Ne1 Ndf6 13. Bg3 Nxg3 14. fxg3 Be7 15. e4 O-O-O 16. Qe2 h5 17. e5 dxe5 18. dxe5 Ng4 19. Rxf7 c4 20. Bxc4 Bc5+ 21.
Kh1 Qxf7 22. h3 Nf2+ 23. Kh2 h4 0-1

[Event "Early-Titled-Tuesday-Blitz-May-14-2024"]
[Site "Chess.com"]
[Date "2024.05.14"]
[Round "1"]
[White "chito89"]
[Black "Masterbeaterr"]
[Result "1-0"]
[WhiteElo "2792"]
[BlackElo "2455"]
[TimeControl "180+1"]
[EndTime "8:03:03 PDT"]
[Termination "chito89 won by resignation"]

1. Nf3 d5 2. b3 Bf5 3. Bb2 e6 4. h3 Nf6 5. g4 Bg6 6. d3 Bd6 7. e3 c5 8. Ne5 Nc6 9. Nxc6 bxc6 10. Nd2 h5 11. g5 Nd7 12. h4 O-O 13. Be2 Be5 14.
Bxe5 Nxe5 15. Bxh5 a5 16. f4 Nd7 17. Bxg6 fxg6 18. Qg4 Qe7 19. h5 gxh5 20. Qxh5 1-0

[Event "Early-Titled-Tuesday-Blitz-May-14-2024"]
[Site "Chess.com"]
[Date "2024.05.14"]
[Round "1"]
[White "PawnEatingZombie"]
[Black "KononenkoD"]
[Result "0-1"]
[WhiteElo "2267"]
[BlackElo "2607"]
[TimeControl "180+1"]
[EndTime "8:03:07 PDT"]
[Termination "KononenkoD won by resignation"]

1. e4 c6 2. Nf3 d5 3. d3 dxe4 4.
dxe4 Qxd1+ 5. Kxd1 g6 6. c3 Bh6 7. Bxh6 Nxh6 8. Bc4 f5 9. exf5 Bxf5 10. Nbd2 Nd7 11. a4 Ng4 12. Ke2 O-O-O 13. Rhe1 Nde5 14. Nxe5 Nxe5 15. Kf1 Nxc4 0-1

[Event "Early-Titled-Tuesday-Blitz-May-14-2024"]
[Site "Chess.com"]
[Date "2024.05.14"]
[Round "1"]
[White "NewYearGirl"]
[Black "juancruzarias"]
[Result "0-1"]
[WhiteElo "2383"]
[BlackElo "2704"]
[TimeControl "180+1"]
[EndTime "8:03:27 PDT"]
[Termination "juancruzarias won by resignation"]

1. e4 e6 2. Nf3 d5 3. exd5 exd5 4. d4 Nc6 5. Bd3 Bg4 6. Qe2+ Qe7 7. Qxe7+ Bxe7 8. Nbd2 Nf6 9. c3 O-O 10. b4 Bd6 11.
O-O Rfe8 12. h3 Bh5 13. a4 Bg6 14. Bxg6 hxg6 15. a5 a6 16. Nb3 Re2 17. Bd2 Na7 18. Rfe1 Rxe1+ 19. Rxe1 Nb5 20. Nc5 Rb8 21. Nd3 Ne4 22.
Nf4 Nxd2 23. Nxd5 Nxf3+ 24. gxf3 c6 25. Nb6 Nxc3 0-1

[Event "Early-Titled-Tuesday-Blitz-May-14-2024"]
[Site "Chess.com"]
[Date "2024.05.14"]
[Round "1"]
[White "the_chess_child"]
[Black "Vincefm"]
[Result "1-0"]
[WhiteElo "2856"]
[BlackElo "2493"]
[TimeControl "180+1"]
[EndTime "8:03:38 PDT"]
[Termination "the_chess_child won by resignation"]

1. e4 e5 2. Nf3 Nc6 3. d3 Bc5 4.
Nxe5 Nxe5 5. d4 Bd6 6. dxe5 Bxe5 7. f4 Bd6 8. Qd4 f6 9. Bc4 Qe7 10. Be3 Bb4+ 11. Nc3 d6 12. Bb5+ c6 13. Qxb4 cxb5 14.
Nxb5 a5 15. Nxd6+ Kf8 16. Qc3 Nh6 17. Nxc8 Qxe4 18. O-O-O Kf7 19. Nd6+ 1-0

[Event "Early-Titled-Tuesday-Blitz-May-14-2024"]
[Site "Chess.com"]
[Date "2024.05.14"]
[Round "1"]
[White "Kale36"]
[Black "DonkyDonkyDonkey"]
[Result "0-1"]
[WhiteElo "2518"]
[BlackElo "2906"]
[TimeControl "180+1"]
[EndTime "8:03:39 PDT"]
[Termination "DonkyDonkyDonkey won by resignation"]

1. b3 e5 2. Bb2 Nc6 3. e3 Nf6 4. Bb5 e4 5. f3 a6 6. Bxc6 dxc6 7.
Bxf6 Qxf6 8. Nc3 exf3 9. Nxf3 Bb4 10. Ne4 Qg6 11. Ng3 Bg4 12. O-O O-O-O 13. d3 h5 14. Ne5 Qe6 15. Nxg4 hxg4 16. Qe2 Bd6 17. Qf2 Kb8 18.
Rae1 Qh6 19. h4 Qxh4 0-1

[Event "Early-Titled-Tuesday-Blitz-May-14-2024"]
[Site "Chess.com"]
[Date "2024.05.14"]
[Round "1"]
[White "AlmasRakhmatullaev"]
[Black "Noki102"]
[Result "1-0"]
[WhiteElo "2890"]
[BlackElo "2513"]
[TimeControl "180+1"]
[EndTime "8:03:48 PDT"]
[Termination "AlmasRakhmatullaev won by resignation"]

1. e4 e5 2. Nf3 Nc6 3. Bc4 Nf6 4. Ng5 d5 5. exd5 Na5 6. Bb5+ c6 7. dxc6 bxc6 8. Bd3 Nd5 9. Nf3 Bd6 10. O-O O-O 11. Re1 f5 12. Nxe5 Qf6 13. Nf3 g5 14. c4 Nf4 15. Bf1 g4 16. d4 gxf3 17. Qxf3 Ne6 18. Qc3 Nb7 19. c5 Bc7 20. Bc4 Kh8 21.
b4 Ng5 22. Bxg5 Qxg5 23. d5+ Qg7 24. Qxg7+ Kxg7 25. Re7+ 1-0

[Event "Early-Titled-Tuesday-Blitz-May-14-2024"]
[Site "Chess.com"]
[Date "2024.05.14"]
[Round "1"]
[White "ilqar_74"]
[Black "Lady_Nika"]
[Result "1-0"]
[WhiteElo "2849"]
[BlackElo "2488"]
[TimeControl "180+1"]
[EndTime "8:03:51 PDT"]
[Termination "ilqar_74 won by resignation"]

1. e4 e6 2. d4 d5 3. Nc3 Nf6 4. e5 Nfd7 5. f4 c5 6. Nf3 Nc6 7. Be3 a6 8. Qd2 b5 9. dxc5 Bxc5 10. Bxc5 Nxc5 11. Nd4 Bb7 12. Nxc6 Bxc6 13. Qd4 Qb6 14. a3 O-O 15. Be2 Nd7 16. Qxb6 Nxb6 17. Rd1 Nc4 18. Bxc4 bxc4 19. Ne2 Rfb8 20. Rb1 Ba4 21. Kd2 f6 22. Nd4 Kf7 23. Rhe1 f5 24. h3 Rb7 25.
g4 g6 26. gxf5 gxf5 27. Rg1 Rb6 28. Rg5 h6 29. Rg3 Rg8 30. Rxg8 Kxg8 31. Kc3 Be8 32. Rg1+ Kf8 33. h4 Bh5 34. Rb1 Ke7 35. b3 Rb8 36. Nc6+ 1-0

[Event "Early-Titled-Tuesday-Blitz-May-14-2024"]
[Site "Chess.com"]
[Date "2024.05.14"]
[Round "1"]
[White "ACollins05"]
[Black "FormerProdigy"]
[Result "0-1"]
[WhiteElo "2536"]
[BlackElo "2989"]
[TimeControl "180+1"]
[EndTime "8:03:56 PDT"]
[Termination "FormerProdigy won by resignation"]

1. Nf3 d5 2. e3 Nf6 3. b3 c5 4. Bb2 e6 5. Be2 Nc6 6. d4 cxd4 7. Nxd4 Bb4+ 8. Nd2 Ne4 9. Nf3 Nc3 10. Qc1 Nxe2 11. Kxe2 O-O 12. Rd1 b6 13. Kf1 Ba6+ 14. Kg1 Be2 15. Re1 Bxf3 16. gxf3 Qg5+ 17. Kh1 e5 18. f4 Qh5 19. fxe5 Nxe5 20. Bxe5 Qxe5 21.
Rd1 Qf5 22. c3 Rac8 23. c4 Qxf2 24. cxd5 Rxc1 25. Raxc1 Bxd2 0-1

[Event "Early-Titled-Tuesday-Blitz-May-14-2024"]
[Site "Chess.com"]
[Date "2024.05.14"]
[Round "1"]
[White "cristiano78"]
[Black "CaspiIsrael"]
[Result "0-1"]
[WhiteElo "2263"]
[BlackElo "2604"]
[TimeControl "180+1"]
[EndTime "8:03:59 PDT"]
[Termination "CaspiIsrael won by checkmate"]

1. d4 Nf6 2. c4 g6 3. Nf3 Bg7 4. Nc3 O-O 5. e4 d6 6. Be2 e5 7. O-O Nc6 8. d5 Ne7 9. Ne1 Nd7 10. Be3 f5 11. f3 f4 12. Bf2 g5 13. Nb5 b6 14. b4 a6 15. Nc3 h5 16. Nd3 Nf6 17. c5 Ng6 18. cxb6 cxb6 19. Na4 Rb8 20. Rc1 Bd7 21. Nab2 b5 22. a4 g4 23. axb5 axb5 24.
Ne1 Bh6 25. Rc3 Rf7 26. Qc2 Rg7 27. Kh1 g3 28. hxg3 fxg3 29. Bxg3 h4 30. Bh2 Nh5 31.
Rf2 Ng3+ 32. Kg1 Nf4 33. Bf1 Qg5 34. Rc7 Nh3+ 35. gxh3 Ne2+ 36. Kh1 Qg1+ 37. Bxg1 Rxg1+ 38. Kh2 Bf4# 0-1

[Event "Early-Titled-Tuesday-Blitz-May-14-2024"]
[Site "Chess.com"]
[Date "2024.05.14"]
[Round "1"]
[White "ClauAmura"]
[Black "ahmedkandiliii"]
[Result "0-1"]
[WhiteElo "2196"]
[BlackElo "2603"]
[TimeControl "180+1"]
[EndTime "8:04:00 PDT"]
[Termination "ahmedkandiliii won by resignation"]

1. d4 Nf6 2. Bg5 g6 3. Bxf6 exf6 4. e3 Bg7 5. g3 O-O 6. Bg2 d5 7. Ne2 c6 8. O-O Re8 9. Nd2 Qb6 10. b3 Nd7 11.
Rb1 f5 12. c4 Nf6 13. cxd5 cxd5 14. Nf4 Qd6 15. Rc1 Ne4 16. Nb1 Bd7 17. Nc3 Bc6 18. Qd3 Rac8 19. a4 g5 20. Nfe2 Qb4 21. f3 Nxc3 22.
Rcd1 Nxd1 0-1

[Event "Early-Titled-Tuesday-Blitz-May-14-2024"]
[Site "Chess.com"]
[Date "2024.05.14"]
[Round "1"]
[White "Matibar"]
[Black "Cheer_Down"]
[Result "1-0"]
[WhiteElo "2790"]
[BlackElo "2452"]
[TimeControl "180+1"]
[EndTime "8:04:05 PDT"]
[Termination "Matibar won by resignation"]

1. Nf3 d5 2. c4 e6 3. g3 Nf6 4. Bg2 d4 5. O-O c5 6. e3 Nc6 7. exd4 cxd4 8. d3 Bc5 9. a3 a5 10. Bg5 h6 11. Bxf6 Qxf6 12. Nbd2 O-O 13. Ne4 Qe7 14. Nxc5 Qxc5 15. b4 axb4 16. axb4 Rxa1 17.
bxc5 Rxd1 18. Rxd1 e5 19. Nd2 Bf5 20. Be4 Bg4 21. Rb1 Bc8 22. f4 exf4 23. gxf4 g5 24. Nf3 f6 25. Bxc6 bxc6 26. Nxd4 Bg4 27. Nxc6 Bf3 28.
Nd4 1-0

[Event "Early-Titled-Tuesday-Blitz-May-14-2024"]
[Site "Chess.com"]
[Date "2024.05.14"]
[Round "1"]
[White "OppieZippy"]
[Black "Alphafischer2019"]
[Result "0-1"]
[WhiteElo "2357"]
[BlackElo "2672"]
[TimeControl "180+1"]
[EndTime "8:04:09 PDT"]
[Termination "Alphafischer2019 won by checkmate"]

1. e4 c5 2. Nc3 Nc6 3. Bb5 Nd4 4. Nf3 g6 5. Bd3 Bg7 6. O-O e6 7. b3 Ne7 8. Bb2 O-O 9. Nxd4 cxd4 10. Ne2 e5 11. f4 d6 12. f5 f6 13. Bc4+ d5 14.
exd5 Nxf5 15. c3 dxc3 16. Bxc3 Nd6 17. d4 e4 18. Nf4 b5 19. Be2 a5 20. a4 b4 21. Bb2 g5 22. Ne6 Bxe6 23. dxe6 f5 24. Qd2 Qe7 25. d5 Rac8 26. Bxg7 Qxg7 27. Rac1 h6 28. Ba6 Qa7+ 29. Kh1 Qxa6 30. Rxc8 Qxf1# 0-1

[Event "Early-Titled-Tuesday-Blitz-May-14-2024"]
[Site "Chess.com"]
[Date "2024.05.14"]
[Round "1"]
[White "Szparu"]
[Black "ubdip"]
[Result "1-0"]
[WhiteElo "2857"]
[BlackElo "2494"]
[TimeControl "180+1"]
[EndTime "8:04:14 PDT"]
[Termination "Szparu won by resignation"]

1. e4 c5 2. c3 Nc6 3. d4 cxd4 4. cxd4 d5 5. exd5 Qxd5 6. Nf3 Bg4 7. Nc3 Qa5 8. d5 O-O-O 9. Bd2 Bxf3 10. Qxf3 Nb4 11. Rc1 Kb8 12. Nb5 a6 13. Qf4+ e5 14. dxe6+ Ka8 15.
Nc7+ Ka7 16. a3 Bd6 17. Qd4+ Qb6 18. Qxb6+ Kxb6 19. axb4 1-0

[Event "Early-Titled-Tuesday-Blitz-May-14-2024"]
[Site "Chess.com"]
[Date "2024.05.14"]
[Round "1"]
[White "titledsquirrel2007"]
[Black "1stSecond"]
[Result "0-1"]
[WhiteElo "2514"]
[BlackElo "2890"]
[TimeControl "180+1"]
[EndTime "8:04:18 PDT"]
[Termination "1stSecond won by resignation"]

1. d4 Nf6 2. Nf3 e6 3. c4 b6 4. g3 Bb7 5. Bg2 Bb4+ 6. Bd2 a5 7. O-O O-O 8. Bf4 Be7 9. Nc3 Ne4 10. Rc1 Na6 11. a3 f5 12. Ne5 Qc8 13. d5 d6 14.
Nc6 Bxc6 15. dxc6 Nxc3 16. Rxc3 Bf6 17. Rc2 a4 18. e4 fxe4 19. Bxe4 Nc5 20. Bg2 Qa6 21.
Bc1 b5 22. cxb5 Qxb5 23. Qh5 Rab8 24. Be4 Nxe4 0-1

[Event "Early-Titled-Tuesday-Blitz-May-14-2024"]
[Site "Chess.com"]
[Date "2024.05.14"]
[Round "1"]
[White "MVM2008"]
[Black "vugarrasulov"]
[Result "0-1"]
[WhiteElo "2534"]
[BlackElo "2986"]
[TimeControl "180+1"]
[EndTime "8:04:20 PDT"]
[Termination "vugarrasulov won by resignation"]

1. e4 e5 2. f4 d6 3. Nf3 Nf6 4. d4 exd4 5. e5 dxe5 6. fxe5 Nd5 7. Qxd4 Nc6 8. Bb5 Be7 9. O-O a6 10. Bxc6+ bxc6 11. c4 Nb4 12. Qe4 Qd3 13. Qe1 Nc2 14. Qg3 Qg6 15. Ng5 O-O 16. Nc3 Nxa1 17. Nce4 Bf5 18.
Qf4 Bxe4 19. Nxe4 Nc2 20. Rf3 Nd4 21. Rg3 Ne2+ 0-1

[Event "Early-Titled-Tuesday-Blitz-May-14-2024"]
[Site "Chess.com"]
[Date "2024.05.14"]
[Round "1"]
[White "FREDERICKtheMATE"]
[Black "laiciffOneslraCsungaM"]
[Result "0-1"]
[WhiteElo "2680"]
[BlackElo "2396"]
[TimeControl "180+1"]
[EndTime "8:04:21 PDT"]
[Termination "laiciffOneslraCsungaM won by resignation"]

1. d4 Nf6 2. c4 c5 3. d5 e5 4.
Nc3 d6 5. e4 g6 6. Be2 Bg7 7. Be3 O-O 8. f3 Nh5 9. Qd2 f5 10. O-O-O f4 11. Bf2 a6 12. g4 Nf6 13.
h4 b5 14. cxb5 axb5 15. Bxb5 Ba6 16. Bxa6 Nxa6 17. a3 Nd7 18. Qe2 Qc7 19. Qc4 Rfb8 20. Nge2 Nb6 21. Qa2 c4 22. Kd2 Nc5 23. Ke1 Nd3+ 24.
Kf1 Nd7 25. Kg2 Rxb2 26. Qa1 N7c5 27. Bxc5 Qxc5 28. Rxd3 Rxe2+ 29. Nxe2 cxd3 30. Nc1 Rxa3 31. Qb2 Rc3 32. Kh3 Rc2 33. Qb8+ Bf8 34. Qc8 Qxc8 0-1

[Event "Early-Titled-Tuesday-Blitz-May-14-2024"]
[Site "Chess.com"]
[Date "2024.05.14"]
[Round "1"]
[White "MightyGMpretender"]
[Black "motivated_bishop"]
[Result "0-1"]
[WhiteElo "2809"]
[BlackElo "2491"]
[TimeControl "180+1"]
[EndTime "8:04:22 PDT"]
[Termination "motivated_bishop won by checkmate"]

1. e4 e5 2. Nf3 Nc6 3. Bb5 a6 4. Ba4 Nf6 5. d3 d6 6. c4 Nd7 7. Nc3 Nc5 8. Bxc6+ bxc6 9. d4 exd4 10. Nxd4 Bd7 11.
O-O Be7 12. b3 O-O 13. f3 Bf6 14. Be3 Ne6 15. Qd2 a5 16. Rad1 Qb8 17. Nf5 Qb4 18. Na4 c5 19. Qxb4 axb4 20. Nxc5 Nxc5 21. Bxc5 Bxf5 22.
Bxb4 Be6 23. Rf2 c5 24. Be1 Bd4 25. Rd2 Bxf2+ 26. Bxf2 Ra6 27. Bg3 Rfa8 28. h4 Rxa2 29. Rxd6 Rb2 30. Rc6 Raa2 31. Be5 Rxg2+ 32. Kh1 Rgf2 33.
f4 Rf1# 0-1

[Event "Early-Titled-Tuesday-Blitz-May-14-2024"]
[Site "Chess.com"]
[Date "2024.05.14"]
[Round "1"]
[White "RojonR"]
[Black "Felix-Rose"]
[Result "1-0"]
[WhiteElo "2599"]
[BlackElo "2241"]
[TimeControl "180+1"]
[EndTime "8:04:26 PDT"]
[Termination "RojonR won by resignation"]

1. e4 e5 2. Nf3 Nc6 3. Nc3 Nf6 4. Be2 d5 5. exd5 Nxd5 6. O-O Be7 7. Bb5 f6 8. d4 exd4 9. Nxd4 Nxc3 10. bxc3 Bd7 11.
Bc4 Ne5 12. Bb3 c5 13. f4 cxd4 14. fxe5 dxc3 15. exf6 Qb6+ 16. Kh1 Bxf6 17. Qe2+ Kd8 18. Be3 Qc6 19. Rad1 Re8 20. Qd3 Kc8 21. Bd5 Qb5 22.
Bc4 Qc6 23. Bf4 b5 24. Bd5 1-0

[Event "Early-Titled-Tuesday-Blitz-May-14-2024"]
[Site "Chess.com"]
[Date "2024.05.14"]
[Round "1"]
[White "Nemegejas"]
[Black "jup1978"]
[Result "1-0"]
[WhiteElo "2800"]
[BlackElo "2462"]
[TimeControl "180+1"]
[EndTime "8:04:34 PDT"]
[Termination "Nemegejas won by resignation"]

1. Nf3 e6 2. g3 d5 3. Bg2 Nf6 4.
O-O Be7 5. d3 O-O 6. Nbd2 a5 7.
e4 a4 8. a3 c5 9. Re1 Nc6 10. e5 Nd7 11. h4 f6 12. Qe2 fxe5 13. c4 Nf6 14. Nxe5 Nxe5 15. Qxe5 Bd6 16. Qe2 Qc7 17. Nf3 d4 18. Ng5 Re8 19. Ne4 Be7 20. Bf4 Qb6 21. Nxf6+ Bxf6 22. Be5 Bxe5 23. Qxe5 Bd7 24.
Re2 Re7 25. Rae1 Rae8 26. h5 h6 27. Be4 Bc6 28. Bg6 Rf8 29. f4 Bf3 30. Rf2 Bg4 31.
f5 Qc7 32. Qxc7 Rxc7 33. fxe6 Rxf2 34. Kxf2 Kf8 35. Re4 Bh3 36. g4 Ke7 37. Rf4 Kxe6 38. Kg3 1-0

[Event "Early-Titled-Tuesday-Blitz-May-14-2024"]
[Site "Chess.com"]
[Date "2024.05.14"]
[Round "1"]
[White "Quattroporte300"]
[Black "ReadySkate"]
[Result "0-1"]
[WhiteElo "2402"]
[BlackElo "2715"]
[TimeControl "180+1"]
[EndTime "8:04:39 PDT"]
[Termination "ReadySkate won by resignation"]

1. e4 c5 2. Nc3 e6 3. g3 d5 4. exd5 exd5 5. d4 Nc6 6. dxc5 Nf6 7. Bg2 Bg4 8. Nge2 Bxc5 9. O-O O-O 10. h3 Bh5 11. g4 Bg6 12. Nf4 d4 13. Nxg6 hxg6 14. Ne4 Nxe4 15. Bxe4 Qh4 16. Kg2 Rae8 17. Bxc6 bxc6 18. Qf3 Re6 19. Bf4 Rfe8 20. Rad1 Re4 21. Bg3 Qe7 22. Rd3 Bd6 23. Bxd6 Qxd6 24. Rfd1 c5 25. Qg3 Qd5 26. Qf3 f5 27. b3 fxg4 28.
hxg4 Rf8 29. c4 Rxg4+ 0-1

[Event "Early-Titled-Tuesday-Blitz-May-14-2024"]
[Site "Chess.com"]
[Date "2024.05.14"]
[Round "1"]
[White "scarabee43"]
[Black "TheoSlade"]
[Result "1-0"]
[WhiteElo "2818"]
[BlackElo "2468"]
[TimeControl "180+1"]
[EndTime "8:04:45 PDT"]
[Termination "scarabee43 won by resignation"]

1. Nf3 d5 2. e3 Nf6 3. b3 e6 4. Bb2 Bd6 5. c4 O-O 6. Nc3 b6 7. Qc2 a6 8. g4 dxc4 9. g5 cxb3 10. axb3 Nfd7 11. Bd3 f5 12. gxf6 Nxf6 13. Ne4 Nbd7 14. Nfg5 Nxe4 15. Bxe4 Qxg5 16. Bxa8 Nf6 17. O-O-O Bd7 18.
Rhg1 Qf5 19. Qxf5 exf5 20. Bf3 Ne4 21. Rxg7+ Kh8 22. Rxd7+ Nf6 23. Rg1 1-0

[Event "Early-Titled-Tuesday-Blitz-May-14-2024"]
[Site "Chess.com"]
[Date "2024.05.14"]
[Round "1"]
[White "Elprofessor21"]
[Black "average_trans"]
[Result "0-1"]
[WhiteElo "2631"]
[BlackElo "2345"]
[TimeControl "180+1"]
[EndTime "8:04:45 PDT"]
[Termination "average_trans won by resignation"]

1. Nf3 b6 2. e4 Bb7 3. Nc3 d6 4.
Bb5+ Nd7 5. O-O c6 6. Be2 c5 7. d4 cxd4 8. Nxd4 Ngf6 9. f3 g6 10.
Be3 Bg7 11. Qd2 O-O 12. Bh6 Rc8 13. Bxg7 Kxg7 14. Rae1 Ne5 15. f4 Rxc3 16. Qxc3 Nxe4 17. Qe3 Nd7 18. Bf3 Ndf6 19. g4 e5 20. g5 exd4 21.
Qxd4 Nc5 22. Bxb7 Nxb7 23. Qxf6+ Qxf6 24. gxf6+ Kxf6 25. Kf2 Nc5 26. c3 Nd3+ 27. Kf3 Nxe1+ 28. Rxe1 Rd8 29. Rd1 h6 30. Ra1 Kf5 31. a4 g5 32.
fxg5 hxg5 33. a5 g4+ 34. Kg3 Rd7 35. axb6 axb6 36. Ra6 Rb7 37. Ra8 b5 38. Rg8 b4 39.
c4 Re7 40. Rxg4 Re3+ 41. Kh4 Re2 42. c5 dxc5 43. Rc4 Re4+ 0-1

[Event "Early-Titled-Tuesday-Blitz-May-14-2024"]
[Site "Chess.com"]
[Date "2024.05.14"]
[Round "1"]
[White "Lucky_Puncher"]
[Black "ivana_999"]
[Result "1-0"]
[WhiteElo "2550"]
[BlackElo "1851"]
[TimeControl "180+1"]
[EndTime "8:04:46 PDT"]
[Termination "Lucky_Puncher won by resignation"]

1. d4 Nf6 2. c4 g6 3. Nc3 d5 4.
Nf3 Bg7 5. h4 dxc4 6. e4 c5 7.
d5 b5 8. h5 O-O 9. hxg6 fxg6 10. e5 Ng4 11. d6 Rxf3 12. Qxf3 Nxe5 13. Qxa8 Nbc6 14. dxe7 Nxe7 15. Be3 Nd3+ 16. Bxd3 Qxd3 17. Rd1 Bxc3+ 18. bxc3 Qxc3+ 19. Ke2 Kg7 20. Qxa7 1-0

[Event "Early-Titled-Tuesday-Blitz-May-14-2024"]
[Site "Chess.com"]
[Date "2024.05.14"]
[Round "1"]
[White "tjychess"]
[Black "CristianS27"]
[Result "1-0"]
[WhiteElo "2940"]
[BlackElo "2526"]
[TimeControl "180+1"]
[EndTime "8:04:49 PDT"]
[Termination "tjychess won by resignation"]

1. e4 e5 2. Nf3 Nc6 3. Bb5 a6 4. Ba4 Nf6 5. O-O Nxe4 6. d4 exd4 7. Nxd4 Be7 8. Nf5 g6 9. Nxe7 Qxe7 10. Re1 O-O 11. f3 Qc5+ 12. Be3 Qb4 13. Bxc6 dxc6 14.
fxe4 Qxb2 15. Qd4 Qxd4 16. Bxd4 Be6 17. Bf6 1-0

[Event "Early-Titled-Tuesday-Blitz-May-14-2024"]
[Site "Chess.com"]
[Date "2024.05.14"]
[Round "1"]
[White "Vesper2018"]
[Black "Oleksandr_Bortnyk"]
[Result "0-1"]
[WhiteElo "2544"]
[BlackElo "3063"]
[TimeControl "180+1"]
[EndTime "8:04:50 PDT"]
[Termination "Oleksandr_Bortnyk won by resignation"]

1. e4 Nf6 2. e5 Nd5 3. d4 d6 4. Nf3 dxe5 5. Nxe5 c6 6. Be2 Bf5 7. O-O Nd7 8. Nf3 e6 9. c4 N5f6 10. Nc3 Bd6 11. Bd3 Bg6 12. Re1 O-O 13. Bxg6 hxg6 14.
Bg5 Qa5 15. Qc2 Rfe8 16. a3 Rac8 17. b4 Qa6 18. c5 Bb8 19. Ne4 Nd5 20. Ng3 e5 21.
Re2 Nxb4 22. Qe4 Nd5 23. Qh4 exd4 24. Rxe8+ Rxe8 25. Nxd4 Nxc5 26. Rd1 Qa4 27. Qg4 Nc3 28. Rc1 Bxg3 29. hxg3 Qxd4 0-1